AoeStats
← 叫迈耶的空军元帅

Arena

510550942Analyzed
4v4 RM · 2d ago on Oct 1, 2026· 27m 36s· 8 players
Game mode
Random Map
Map size
Large (8 player)
Population
200
Speed
Normal
Resources
Standard
Victory
Conquest
Starting age
Dark Age
Ending age
Imperial Age
RankedLock teamsTeams togetherTeam positionsShared explorationLock speedFull tech treeHidden civsTurbo modeCheats
Victory
Defeat
🇹🇷 Britons · Türkiye
1204
+14
1174
+16
🇹🇼 Danes · Taiwan
1123
+18
🇨🇳 Spanish · China
1083
+18
🇨🇳 Khmer · China
1218
-19
🇦🇷 Byzantines · Argentina
1202
-18
🇨🇳 Goths · China
1199
-18
🇺🇸 Saxons · United States
1028
-11
The Uncle
10:03 Feudal Age
11:44 Double-Bit Axe
14:26 Castle Age
13:16 Fletching
14:06 Horse Collar
16:45 Crossbowman
20:16 Fervor
20:24 Loom
23:21 Bodkin Arrow
24:03 Bow Saw
23:55 Heavy Plow
23:53 Town Watch
25:13 Wheelbarrow
26:04 Padded Archer Armor
26:44 Ballistics
28:09 Hand Cart
小佑
7:09 Loom
9:15 Feudal Age
9:49 Double-Bit Axe
9:45 Horse Collar
17:51 Castle Age
18:46 Gambesons
19:03 Squires
19:03 Arson
19:30 Forging
19:20 Scale Mail Armor
20:57 Heavy Plow
25:35 Bow Saw
27:57 Wheelbarrow
叫迈耶的空军元帅
10:30 Feudal Age
12:49 Loom
15:51 Castle Age
13:40 Double-Bit Axe
13:37 Horse Collar
16:52 Heavy Plow
18:21 Gold Mining
22:21 Bow Saw
26:08 Wheelbarrow
28:12 Squires
542255641
11:10 Feudal Age
12:04 Double-Bit Axe
12:23 Horse Collar
14:57 Castle Age
16:19 Bow Saw
16:41 Fervor
19:31 Heavy Plow
22:49 Wheelbarrow
22:02 Loom
29:51 Imperial Age
27:51 Stone Mining
27:57 Gold Mining
Target Him9038
10:51 Feudal Age
14:46 Castle Age
14:38 Double-Bit Axe
14:38 Horse Collar
17:36 Loom
18:28 Wheelbarrow
18:40 Bow Saw
20:27 Stone Mining
22:15 Heavy Plow
22:14 Gold Mining
25:21 Fletching
26:59 Bodkin Arrow
26:52 Treadmill Crane
27:16 Murder Holes
27:51 Gambesons
28:07 Squires
SkullBump
10:54 Feudal Age
14:47 Castle Age
12:53 Double-Bit Axe
12:50 Horse Collar
18:18 Loom
随机便投
11:52 Feudal Age
14:34 Castle Age
12:21 Double-Bit Axe
12:19 Horse Collar
13:02 Gold Mining
25:15 Loom
el maldito asfalto
11:28 Feudal Age
15:04 Castle Age
13:46 Double-Bit Axe
13:41 Horse Collar
16:21 Bow Saw
16:54 Heavy Plow
Connection lost

Rejoining the realm…

Still unreachable

The connection could not be restored.

Session expired

The server has moved on; the page needs a fresh start.